Map: Acid Plant LE

Players

Cellsidus

  • Race: Zerg Zerg
  • League: Master
  • Spawn Location: 11:00

Onigami - Winner!

  • Race: Terran Terran
  • League: Master
  • Spawn Location: 5:00

VOD

Have the link to the VOD?

Description

Time

  • Played on: Aug. 18, 2018, 4:52 a.m.
  • Length: 16:14
Show
View Real Time Build Order
Export as new Build Order

Cellsidus Zerg 

Build Orders: Hatch First 

Get SALT Encoding   

  12  0:00  Drone  
  13  0:12  Overlord  
  13  0:16  Drone  
  14  0:30  Drone  
  14  0:31  Drone  
  14  0:34  Drone  
  17  0:53  Hatchery  
  17  0:56  Drone  
  17  1:00  Drone  
  18  1:10  Extractor  
  17  1:15  Spawning Pool  
  17  1:18  Drone  
  17  1:22  Drone  
  18  1:28  Drone  
  19  1:39  Overlord  
  19  2:02  Zergling x4  
  19  2:04  Queen x2  
  19  2:05  Zergling x2  
  26  2:12  Metabolic Boost  
  26  2:15  Drone  
  27  2:17  Drone  
  28  2:25  Drone  
  28  2:29  Drone  
  30  2:32  Overlord  
  30  2:40  Queen  
  32  2:45  Drone x2  
  34  2:52  Drone  
  34  2:54  Drone  
  36  3:01  Drone  
  37  3:09  Drone  
  37  3:10  Drone  
  40  3:12  Drone  
  40  3:13  Drone x4  
  40  3:15  Overlord  
  43  3:28  Drone  
  44  3:34  Drone  
  44  3:35  Drone x2, Hatchery  
  46  3:41  Drone  
  47  3:49  Overlord  
  47  3:53  Evolution Chamber  
  47  3:55  Zergling x2  
  47  3:56  Zergling x10  
  47  3:59  Overlord  
  52  4:03  Overlord  
  52  4:18  Zerg Ground Armor Level 1  
  52  4:24  Spore Crawler  
  52  4:31  Extractor, Drone  
  52  4:32  Drone x3  
  52  4:33  Spore Crawler  
  52  4:34  Drone  
  52  4:36  Roach Warren  
  52  4:37  Extractor  
  52  4:39  Drone x2  
  52  4:40  Drone  
  52  4:41  Drone  
  56  4:46  Lair  
  56  4:49  Drone  
  56  4:50  Extractor, Queen  
  56  4:52  Drone x4  
  62  4:57  Queen  
  62  4:58  Drone  
  66  5:00  Drone  
  66  5:01  Drone  
  66  5:05  Overlord  
  67  5:11  Overlord  
  62  5:26  Drone x2  
  62  5:27  Drone x6  
  68  5:29  Queen  
  70  5:39  Overlord x2  
  70  5:41  Drone x6  
  76  5:51  Glial Reconstitution  
  76  5:53  Roach x3  
  82  6:02  Drone x2  
  82  6:03  Roach x5  
  92  6:13  Spore Crawler  
  92  6:17  Queen  
  92  6:19  Zerg Missile Weapons Level 1  
  92  6:21  Drone  
  92  6:22  Evolution Chamber  
  92  6:24  Roach x2  
  92  6:25  Roach  
  98  6:32  Extractor  
  97  6:37  Overlord x2  
  97  6:38  Overlord x2  
  97  6:39  Drone x5  
  90  6:47  Zerg Ground Armor Level 2  
  80  7:05  Drone x4  
  80  7:06  Drone  
  80  7:07  Drone  
  86  7:09  Drone  
  86  7:10  Drone x2  
  86  7:11  Drone  
  88  7:24  Drone x3  
  88  7:25  Drone x3  
  88  7:26  Drone x2  
  96  7:37  Roach x2  
  96  7:38  Roach  
  96  7:42  Drone  
  96  7:43  Hydralisk Den  
  102  7:44  Drone x2  
  102  7:45  Drone  
  102  7:47  Drone x2  
  107  7:51  Drone  
  107  7:55  Roach x3  
  107  7:56  Roach  
  112  8:04  Hatchery  
  111  8:07  Roach x4  
  111  8:08  Roach  
  121  8:16  Drone  
  121  8:18  Zerg Missile Weapons Level 2  
  121  8:19  Spore Crawler x2  
  120  8:22  Hydralisk x4  
  128  8:29  Ravager x2  
  128  8:31  Overlord x3  
  128  8:33  Overlord  
  130  8:56  Hydralisk x4, Muscular Augments  
  130  9:02  Roach x7  
  151  9:23  Overlord  
  151  9:24  Overlord x4  
  151  9:25  Hatchery  
  148  9:45  Hydralisk  
  148  9:46  Roach x3, Hydralisk x6  
  148  9:47  Roach x5, Hydralisk x2  
  182  10:02  Hydralisk  
  182  10:03  Roach  
  182  10:04  Overlord x3  
  186  10:12  Grooved Spines  
  186  10:22  Hatchery  
  186  10:25  Hatchery  
  186  10:26  Infestation Pit  
  183  10:29  Ravager x3  
  183  10:30  Ravager x5  
  183  10:32  Zergling x6  
  183  10:33  Zergling x8  
  176  10:45  Roach x3  
  176  10:46  Roach x5  
  177  11:06  Hydralisk x4  
  177  11:07  Hydralisk x2  
  185  11:16  Roach x3  
  185  11:17  Roach x2  
  155  11:36  Hydralisk x3  
  155  11:37  Roach x4  
  132  11:51  Extractor  
  132  11:53  Drone x3  
  135  11:54  Drone x6  
  135  11:59  Queen  
  135  12:01  Queen  
  142  12:06  Drone x5  
  142  12:07  Drone x3  
  152  12:11  Extractor  
  152  12:15  Drone x3  
  154  12:24  Hydralisk x5  
  154  12:25  Roach x4  
  154  12:28  Hive  
  172  12:36  Zergling x10  
  177  12:43  Roach, Hydralisk x3  
  177  12:44  Roach  
  180  12:49  Ravager  
  180  12:50  Ravager x3  
  188  12:51  Roach x3  
  188  13:02  Hydralisk x4  
  174  13:20  Hydralisk x4  
  174  13:21  Roach x3  
  174  13:24  Hydralisk x2  
  174  13:25  Roach x2  
  174  13:26  Overlord  
  148  13:44  Roach, Hydralisk x4  
  148  13:45  Roach x5  
  148  13:48  Zergling x10  
  160  14:12  Viper x2  
  160  14:16  Roach x7  
  177  14:29  Hydralisk x3  
  177  14:30  Roach x3  
  177  14:31  Roach x2  
  184  14:45  Roach x2, Hydralisk x4  
  180  14:48  Zergling x6  
  179  14:53  Hatchery  
  154  15:07  Roach, Hydralisk x4  
  137  15:08  Roach x2  
  149  15:19  Roach, Hydralisk x2  
  155  15:24  Hydralisk  
  129  15:40  Hydralisk x2  
  129  15:41  Roach x2, Hydralisk  
  102  15:44  Hydralisk  
  110  15:59  Hatchery  
Show
View Real Time Build Order
Export as new Build Order

Onigami Terran - Winner!

Build Orders: Reaper Expand, Bio Tank 

Get SALT Encoding   

  12  0:00  SCV  
  13  0:12  SCV  
  14  0:17  Supply Depot  
  14  0:25  SCV  
  15  0:39  SCV  
  15  0:40  Barracks  
  16  0:45  Refinery  
  16  0:51  SCV  
  17  1:03  SCV  
  19  1:27  Orbital Command  
  19  1:28  Reaper  
  19  1:38  Command Center  
  19  1:47  Supply Depot  
  19  1:52  SCV  
  20  1:59  Marine  
  21  2:04  SCV  
  21  2:08  Factory  
  22  2:12  Refinery  
  22  2:17  SCV  
  23  2:29  SCV  
  24  2:33  Barracks Reactor  
  24  2:47  SCV  
  24  2:49  Orbital Command  
  25  3:01  SCV  
  25  3:03  Starport  
  26  3:15  Barracks Tech Lab  
  26  3:25  Hellion x2, SCV  
  26  3:26  SCV  
  32  3:38  Marine, Stimpack  
  32  3:39  Viking  
  32  3:41  SCV  
  36  3:42  SCV  
  36  3:46  Hellion x2  
  40  3:53  Supply Depot, SCV  
  42  3:55  SCV  
  42  4:02  Liberator  
  42  4:03  Marine  
  42  4:05  SCV  
  42  4:07  SCV  
  45  4:17  Supply Depot  
  45  4:18  SCV  
  49  4:27  SCV  
  49  4:29  Command Center  
  50  4:32  Barracks  
  50  4:36  Barracks  
  50  4:37  SCV  
  51  4:39  SCV  
  51  4:40  Factory Reactor  
  52  4:47  Supply Depot, Liberator  
  52  4:52  Marine, SCV  
  54  4:54  SCV  
  55  5:02  Refinery x2  
  55  5:03  Engineering Bay  
  55  5:04  SCV  
  55  5:05  Engineering Bay  
  55  5:06  SCV  
  60  5:16  SCV  
  55  5:30  Marine x3  
  55  5:34  Factory Reactor  
  56  5:36  Terran Infantry Weapons Level 1, Terran Infantry Armor Level 1  
  56  5:37  Marine x2  
  56  5:40  Supply Depot  
  56  5:42  SCV  
  59  5:43  Orbital Command  
  59  5:46  Combat Shields, SCV  
  59  5:47  Marine  
  61  5:55  SCV  
  62  5:57  Marine x2  
  62  5:58  Marine  
  65  6:05  SCV  
  65  6:08  SCV  
  67  6:17  Orbital Command, SCV  
  68  6:19  Marine x3  
  68  6:20  Marine x2  
  68  6:24  Factory Tech Lab  
  71  6:31  SCV  
  72  6:33  SCV, Armory  
  72  6:37  Marine x2, Medivac x2  
  79  6:44  SCV  
  79  6:45  Marine x2  
  79  6:46  SCV x2  
  84  6:54  Marine  
  84  6:55  Marine x2  
  84  6:56  SCV  
  84  6:57  Siege Tank  
  84  6:58  SCV  
  84  6:59  SCV  
  90  7:03  Marine x2  
  92  7:12  Marine  
  93  7:21  SCV x3, Medivac x2  
  100  7:26  Marine x3  
  100  7:27  Marine  
  104  7:33  SCV  
  104  7:35  Factory  
  102  7:38  Marine, Supply Depot  
  102  7:40  Supply Depot  
  102  7:42  Factory Tech Lab  
  103  7:44  Marine  
  103  7:45  Marine x3, SCV  
  103  7:47  SCV, Terran Infantry Weapons Level 2, Terran Infantry Armor Level 2  
  108  7:55  SCV  
  109  7:59  Marine  
  109  8:00  SCV  
  109  8:03  SCV  
  112  8:07  Marine x2, SCV  
  112  8:08  Marine x2  
  112  8:09  Refinery  
  112  8:12  SCV  
  118  8:16  SCV  
  118  8:17  Marine  
  118  8:19  SCV  
  121  8:23  Terran Vehicle Weapons Level 1  
  121  8:24  SCV  
  121  8:25  Marine x3  
  125  8:37  Supply Depot x2, SCV, Siege Tank  
  125  8:38  SCV x2, Siege Tank  
  134  8:49  Marine, Marauder  
  137  8:56  Barracks  
  137  8:57  Barracks  
  137  8:58  Barracks  
  137  9:05  Barracks  
  137  9:06  Command Center  
  137  9:11  Marauder  
  138  9:23  Marine x4  
  138  9:24  Medivac  
  143  9:30  Siege Tank  
  145  9:32  Marauder  
  149  9:38  Siege Tank  
  149  9:41  Marine x3  
  135  9:47  Refinery  
  135  9:54  Marauder, SCV  
  135  9:55  Supply Depot x2  
  135  9:57  Supply Depot  
  135  9:58  Command Center  
  135  9:59  Supply Depot  
  138  10:02  Siege Tank  
  141  10:09  Marine  
  141  10:10  Marine, Siege Tank, Barracks Tech Lab  
  141  10:11  Barracks Reactor x3  
  146  10:22  Supply Depot  
  146  10:27  Terran Infantry Weapons Level 3, Terran Infantry Armor Level 3  
  146  10:28  Terran Vehicle Weapons Level 2  
  146  10:33  Marine x5  
  146  10:34  Marauder, Siege Tank  
  155  10:36  Refinery  
  155  10:42  Siege Tank  
  121  10:43  Refinery  
  121  10:47  Marine x2  
  121  10:48  Marine x4  
  119  10:50  Marine  
  119  10:51  Marine x2, Marauder  
  119  10:55  Marauder  
  104  10:59  Marine  
  98  11:05  Marine x6  
  98  11:06  Siege Tank  
  98  11:08  Marine, Planetary Fortress  
  98  11:10  Orbital Command  
  106  11:13  Marine  
  106  11:14  Marine x2  
  106  11:16  Marine  
  106  11:17  Marine, Orbital Command  
  107  11:23  Marine x6  
  113  11:26  Marine  
  113  11:31  Marine  
  108  11:39  Siege Tank  
  107  11:40  Siege Tank  
  107  11:46  SCV x5  
  115  11:54  Medivac x2  
  115  11:58  Marine x4, SCV  
  115  11:59  Marine x4  
  128  12:08  Marine x2  
  128  12:10  SCV x2  
  128  12:11  SCV, Siege Tank  
  136  12:21  Marine  
  136  12:22  Marine, Siege Tank  
  140  12:24  Medivac x2  
  145  12:44  Siege Tank  
  146  12:54  Siege Tank  
  139  13:00  Marine  
  139  13:01  Marine x11  
  139  13:03  SCV x5  
  156  13:09  Terran Vehicle Weapons Level 3  
  156  13:15  SCV  
  156  13:16  Siege Tank  
  156  13:18  Marine x2  
  144  13:22  Marine  
  144  13:23  Marine x9  
  144  13:26  Siege Tank  
  155  13:30  SCV  
  155  13:34  SCV x3  
  158  13:36  Marine x2  
  158  13:40  Marine x5  
  158  13:41  Marine x5  
  159  13:54  Marine x2  
  158  13:58  Marine x10  
  163  14:12  Marine x2  
  163  14:16  Marine x10  
  175  14:29  Marine  
  175  14:30  Marine  
  177  14:34  Marine x10  
  173  14:47  Marine x2  
  173  14:49  Medivac x2  
  173  14:51  Marine  
  173  14:52  Marine x9  
  185  14:55  Siege Tank  
  176  15:05  Marine x2  
  158  15:09  Marine x3  
  158  15:10  Marine x7  
  158  15:12  SCV x5  
  173  15:16  Command Center x2  
  173  15:19  Medivac x2  
  177  15:23  Marine x2  
  177  15:24  SCV  
  177  15:25  Siege Tank  
  177  15:27  Marine, Siege Tank  
  163  15:37  Marine x7  
  163  15:42  Marine, Marauder x2  
  171  16:05  Barracks  
  171  16:07  Barracks  
  171  16:08  Barracks  
  171  16:10  Barracks  
Tags
 
Add a new tag
Caveats
  • Supply blocks, unpowered buildings, or Contaminate may cause inaccurate times.
  • Supply counts are checked every 10 seconds.